 Dungeon Crawl Stone Soup version 0.29-a0-271-gd4eb659eea (webtiles) character file.

Game seed: 18254093579351647053

374 pokeman the Magician (level 6, -10/35 HPs)
             Began as a Deep Elf Hedge Wizard on Mar 8, 2022.
             Mangled by a gnoll
             ... wielding a +2 halberd of flaming
              (12 damage)
             ... on level 3 of the Dungeon.
             The game lasted 00:04:18 (2457 turns).

pokeman the Magician (Deep Elf Hedge Wizard)        Turns: 2457, Time: 00:04:18

Health: -10/35     AC:  4    Str:  7    XL:     6   Next: 43%
Magic:  10/18      EV: 12    Int: 21    God:
Gold:   148        SH:  0    Dex: 14    Spells: 7/19 levels left

rFire   . . .      SeeInvis .   b - +2 short sword (venom)
rCold   . . .      Faith    .   (no shield)
rNeg    . . .      Spirit   .   h - +0 leather armour
rPois   .          Reflect  .   c - +0 hat
rElec   .          Harm     .   q - +0 cloak
rCorr   .          Rampage  .   (no gloves)
Will    .....                   (no boots)
Stlth   ++........              (no amulet)
HPRegen 0.11/turn               (no ring)
MPRegen 0.16/turn               (no ring)

@: very slightly contaminated
A: no striking features
a: no special abilities


You were on level 3 of the Dungeon.
You visited 1 branch of the dungeon, and saw 3 of its levels.

You collected 148 gold pieces.

Inventory:

Hand Weapons
 b - a +2 short sword of venom (weapon)
 p - a +4 quarterstaff of chaos
Armour
 c - a +0 hat (worn)
 h - a +0 leather armour (worn)
 m - a +0 ring mail of fire resistance
 q - a +0 cloak (worn)
Scrolls
 f - 5 scrolls of identify {unknown}
 i - 3 scrolls of enchant armour {unknown}
 j - a scroll of amnesia {unknown}
 k - a scroll of holy word {unknown}
 l - a scroll of fog {unknown}
Potions
 a - a potion of flight {unknown}
 d - a potion of magic
 e - 3 potions of resistance {unknown}
 g - 2 potions of invisibility {unknown}
 n - a potion of cancellation {unknown}
 o - a potion of degeneration {unknown}


   Skills:
 - Level 1.8 Fighting
 - Level 1.9 Armour
 + Level 2.9 Dodging
 - Level 2.4 Stealth
 * Level 7.1 Spellcasting
 + Level 3.2 Conjurations
 - Level 1.1 Summonings
 - Level 1.1 Translocations
 + Level 1.1 Fire Magic


You had 7 spell levels left.
You knew the following spells:

 Your Spells              Type           Power      Damage    Failure   Level
a - Magic Dart            Conj           84%        1d7       3%          1
b - Mephitic Cloud        Conj/Pois/Air  12%        N/A       24%         3
c - Call Imp              Summ           12%        N/A       12%         2
d - Blink                 Tloc           24%        N/A       12%         2
e - Conjure Flame         Conj/Fire      16%        6-21      16%         3
f - Shock                 Conj/Air       56%        1d6       7%          1

Your spell library contained the following spells:

 Spells                   Type           Power      Damage    Failure   Level
 Slow                     Hex            28%        N/A       13%         1
 Ignite Poison            Fire/Tmut/Pois 9%         N/A       32%         3
 Confusing Touch          Hex            7%         N/A       36%         3
 Swiftness                Air            7%         N/A       36%         3
 Vampiric Draining        Necr           7%         2d6       36%         3
 Airstrike                Air            3%         N/A       77%         4
 Olgreb's Toxic Radiance  Pois           7%         N/A       77%         4
 Eringya's Noxious Bog    Tmut/Pois      3%         N/A       100%        6


Dungeon Overview and Level Annotations

Branches:
Dungeon (3/15)

Altars:


Message History

You completely miss the gnoll.
The gnoll is severely wounded.
The hobgoblin is engulfed in noxious fumes.
The hobgoblin appears confused.
Unknown command.
You hit the gnoll.
You kill the gnoll!
The hobgoblin is engulfed in noxious fumes.
The hobgoblin appears confused.
Unknown command.
You hit the hobgoblin.
The hobgoblin is poisoned.
The hobgoblin is severely wounded.
The hobgoblin barely misses you.
Unknown command.
The hobgoblin cries, "My head!
MY HEAD!!!"
You hit the hobgoblin.
The hobgoblin is almost dead.
The hobgoblin gestures wildly.
The hobgoblin barely misses you.
The gnoll hits you from afar with a +2 halberd of flaming.
The gnoll burns you.
Unknown command.
The gnoll hits you from afar with a +2 halberd of flaming!
The gnoll burns you.
You kill the hobgoblin!
The gnoll hits you from afar with a +2 halberd of flaming!
* * * LOW HITPOINT WARNING * * *
The gnoll burns you.
* * * LOW HITPOINT WARNING * * *
Casting: Mephitic Cloud (quite dangerous; 24% risk of failure)
Confirm with . or Enter, or press ? or * to list all spells.
The spell is quite dangerous to miscast (24% risk of failure)!
Continue anyway?
Aiming: Mephitic Cloud (quite dangerous; 24% risk of failure)
Press: ? - help, Shift-Dir - straight line, f - gnoll
Aim: a gnoll, wielding a +2 halberd of flaming (lightly wounded, chance to affect: 91%)
You miscast Mephitic Cloud.
You are very lightly contaminated with residual magic.
Nothing appears to happen.
The gnoll hits you from afar with a +2 halberd of flaming!
You die...

......†.
......#
..!..# ....#
# #...
.#.##.###.##
.......gg..#
##..#.###..#
# #.@#
#..###
#....#
##.##.#
+..<#.#
###.#.#
.≈≈≈#
^..≈≈≈.
#+##≈≈≈.#


You could see 2 gnolls.

Vanquished Creatures
  Sigmund (D:2)
  A phantom (D:2)
  An orc priest (D:2)
  Crazy Yiuf (D:2)
  An orc wizard (D:2)
  2 gnolls (D:3)
  A worm (D:2)
  3 dart slugs
  2 orcs (D:2)
  2 bats
  3 endoplasms
  A giant cockroach (D:2)
  4 goblins
  8 hobgoblins
  2 kobolds (D:2)
  2 quokkas (D:2)
  3 ball pythons (D:1)
  A frilled lizard (D:2)
  A rat (D:2)
40 creatures vanquished.

Notes
Turn   | Place    | Note
-------+----------+-------------------------------------------
     0 | D:1      | pokeman the Deep Elf Hedge Wizard began the quest for the
                  | Orb.
     0 | D:1      | Reached XP level 1. HP: 10/10 MP: 7/7
   439 | D:1      | Reached XP level 2. HP: 16/16 MP: 6/9
   829 | D:2      | Noticed Sigmund
  1025 | D:2      | Reached skill level 5 in Spellcasting
  1041 | D:2      | Reached skill level 1 in Fighting
  1041 | D:2      | Reached skill level 1 in Armour
  1041 | D:2      | Reached XP level 3. HP: 8/20 MP: 3/11
  1046 | D:2      | Learned a level 3 spell: Mephitic Cloud
  1049 | D:2      | Learned a level 2 spell: Call Imp
  1052 | D:2      | Learned a level 2 spell: Blink
  1056 | D:2      | Learned a level 3 spell: Conjure Flame
  1058 | D:2      | Learned a level 1 spell: Shock
  1261 | D:2      | Reached XP level 4. HP: 19/25 MP: 5/13
  1630 | D:2      | Got the Compendium of Poison
  1643 | D:2      | Killed Sigmund
  1644 | D:2      | Reached skill level 6 in Spellcasting
  1644 | D:2      | Reached XP level 5. HP: 30/30 MP: 4/16
  1754 | D:2      | Noticed a phantom
  1767 | D:2      | Killed a phantom
  1768 | D:2      | Reached XP level 6. HP: 20/35 MP: 6/17
  2044 | D:2      | Found a runed translucent door.
  2045 | D:2      | Noticed Crazy Yiuf
  2282 | D:2      | Killed Crazy Yiuf
  2283 | D:2      | Reached skill level 7 in Spellcasting
  2283 | D:2      | Reached skill level 1 in Fire Magic
  2457 | D:3      | Mangled by a gnoll

Illustrated notes

Levels and vault maps discovered:
D:1:      lemuel_arrival_funnel, layout_rooms
D:2:      layout_rooms, uniq_sigmund, uniq_crazy_yiuf_cottage
D:3:      layout_basic, nicolae_ecumenical_lake_church,
          wander_ebering_terrifying_dragon_lair, uniq_grinder

Skill      XL: |  1  2  3  4  5  6 |
---------------+-------------------+-----
Spellcasting   | 5 6 7 |  7.1
Fighting       | 1 |  1.8
Armour         | 1 |  1.9
Conjurations   | 2 3 |  3.2
Fire Magic     | 1 |  1.1
Dodging        | |  2.9
Stealth        | |  2.4
Summonings     | |  1.1
Translocations | |  1.1

Action                   |  1- 3 |  4- 6 || total
-------------------------+-------+-------++-------
Melee: Dagger            |     8 |       ||     8
       Short sword       |    10 |    17 ||    27
 Cast: Magic Dart        |    49 |    55 ||   104
       Mephitic Cloud    |     1 |     4 ||     5
       Call Imp          |       |     1 ||     1
 Stab: Confused          |     1 |       ||     1
Armor: Robe              |     4 |       ||     4
       Leather armour    |     2 |     2 ||     4
Dodge: Dodged            |     5 |    17 ||    22

Table legend: (Time is in decaauts)
 A = Elapsed time spent in this place.
 B = Non-inter-level travel time spent in this place.
 C = Inter-level travel time spent in this place.
 D = Time resting spent in this place.
 E = Time spent auto-exploring this place.
 F = Levels seen in this place.
 G = Mean time per level.
                   A        B        C        D        E       F      G
               +--------+--------+--------+--------+--------+-----+--------+
         Total |   2460 |   2385 |     75 |    428 |   1615 |   3 |  820.0 |
       Dungeon |   2460 |   2385 |     75 |    428 |   1615 |   3 |  820.0 |
               +--------+--------+--------+--------+--------+-----+--------+

Top non-repeatable levels by time:
     D:2: 1400 daAuts
     D:1: 1023 daAuts
     D:3: 36 daAuts
